NCAA
VILLANOVA WILDCATS @ CONNECTICUT HUSKIES
04/27/2025
 
TOP OF THE 1ST
Villanova Wildcats batting - Pitching for Connecticut Huskies : RHP Chris Chamberlain
Pitching: RHP Chris Chamberlain
Batting: RHB Jason Powers 0-0: Ball
1-0: Ball
2-0: Ball
3-0: Base on Balls
Batting: RHB Robbie Anderson 0-0: Fly out, F8 (Flyball, 89M)
Batting: LHB Steven Smith 0-0: Called Strike
Jason Powers steals 2nd base
0-1: Ball
1-1: Ball
2-1: Swinging Strike
2-2: Foul Ball, location: 2F
2-2: Strikes out swinging
Batting: RHB Jorge Barrios 0-0: Ground out 4-3 (Groundball, 4)
Top of the 1st over - 0 run(s), 0 hit(s), 0 error(s), 1 left on base; Villanova 0 - Connecticut 0
BOTTOM OF THE 1ST
Connecticut Huskies batting - Pitching for Villanova Wildcats : RHP Michael Díaz
Pitching: RHP Michael Díaz
Batting: RHB Carlos Marino 0-0: Ground out 5-3 (Groundball, 5)
Batting: LHB Chris Schultz 0-0: Ball
1-0: Ball
2-0: Fly out, F8 (Flyball, 8LM)
Batting: RHB Jeff Manley 0-0: Ball
1-0: SINGLE (Flyball, 8RS)
Batting: LHB Arthur MacDonald 0-0: Ball
1-0: Ball
2-0: Called Strike
2-1: Called Strike
2-2: Ball
Jeff Manley is caught stealing 2nd base
Bottom of the 1st over - 0 run(s), 1 hit(s), 0 error(s), 0 left on base; Villanova 0 - Connecticut 0
TOP OF THE 2ND
Villanova Wildcats batting - Pitching for Connecticut Huskies : RHP Chris Chamberlain
Batting: RHB Ron Elazar 0-0: Foul Ball, location: 2F
0-1: Foul Ball, location: 2F
0-2: Foul Ball, location: 2F
0-2: Ball
1-2: Ball
2-2: Ground out 5-3 (Groundball, 56)
Batting: RHB Dan McKay 0-0: Ground out 6-3 (Groundball, 6M)
Batting: SHB Lorenzo Gómez 0-0: Ground out 4-3 (Groundball, 4)
Top of the 2nd over - 0 run(s), 0 hit(s), 0 error(s), 0 left on base; Villanova 0 - Connecticut 0
BOTTOM OF THE 2ND
Connecticut Huskies batting - Pitching for Villanova Wildcats : RHP Michael Díaz
Batting: LHB Arthur MacDonald 0-0: Ground out 4-3 (Groundball, 34)
Batting: RHB Mario Flores 0-0: Foul Ball, location: 2F
0-1: Ball
1-1: Ground out 3-1 (Groundball, 34S)
Batting: RHB Eric Black 0-0: Foul Ball, location: 2F
0-1: Ball
1-1: Ground out 6-3 (Groundball, 6)
Bottom of the 2nd over - 0 run(s), 0 hit(s), 0 error(s), 0 left on base; Villanova 0 - Connecticut 0
TOP OF THE 3RD
Villanova Wildcats batting - Pitching for Connecticut Huskies : RHP Chris Chamberlain
Batting: RHB Ricardo López 0-0: Called Strike
0-1: Called Strike
0-2: Ball
1-2: Foul Ball, location: 2F
1-2: Ball
2-2: Strikes out swinging
Batting: RHB Juan Romero 0-0: Called Strike
0-1: Called Strike
0-2: Strikes out looking
Batting: RHB Jason Powers 0-0: Foul Ball, location: 2F
0-1: Ball
1-1: Ball
2-1: SINGLE (Flyball, 7LS)
Batting: RHB Robbie Anderson 0-0: Ball
Jason Powers steals 2nd base
1-0: Fly out, F8 (Line Drive, 8LM)
Top of the 3rd over - 0 run(s), 1 hit(s), 0 error(s), 1 left on base; Villanova 0 - Connecticut 0
BOTTOM OF THE 3RD
Connecticut Huskies batting - Pitching for Villanova Wildcats : RHP Michael Díaz
Batting: RHB Brian Kramer 0-0: Ball
1-0: Foul Ball, location: 2F
1-1: Foul Ball, location: 2F
1-2: Ground out 4-3 (Groundball, 4)
Batting: RHB Thomas Moore 0-0: Bunt for hit - play at first, batter safe!
Batting: RHB Michael Cobb 0-0: Called Strike
0-1: Called Strike
0-2: Foul Ball, location: 2F
0-2: Ball
1-2: Ball
2-2: Ball
3-2: Base on Balls
Thomas Moore to second
Batting: RHB Carlos Marino 0-0: Foul Ball, location: 2F
0-1: Fly out, F9 (Flyball, 89M)
Runner from 2nd tags up, SAFE at 3rd with throw
Batting: LHB Chris Schultz 0-0: Foul Ball, location: 2F
0-1: Called Strike
0-2: Foul Ball, location: 2F
0-2: Foul Ball, location: 2F
0-2: Ball
Wild Pitch!
Thomas Moore scores
Michael Cobb to second
1-2: Ball
2-2: Ball
3-2: Foul Ball, location: 2F
3-2: Strikes out swinging
Bottom of the 3rd over - 1 run(s), 1 hit(s), 0 error(s), 1 left on base; Villanova 0 - Connecticut 1
TOP OF THE 4TH
Villanova Wildcats batting - Pitching for Connecticut Huskies : RHP Chris Chamberlain
Batting: LHB Steven Smith 0-0: Ball
1-0: Called Strike
1-1: Ball
2-1: Called Strike
2-2: Strikes out swinging
Batting: RHB Jorge Barrios 0-0: Ball
1-0: Called Strike
1-1: Ground out 4-3 (Groundball, 4M)
Batting: RHB Ron Elazar 0-0: Called Strike
0-1: Ball
1-1: Foul Ball, location: 2F
1-2: Ground out 5-3 (Groundball, 56)
Top of the 4th over - 0 run(s), 0 hit(s), 0 error(s), 0 left on base; Villanova 0 - Connecticut 1
BOTTOM OF THE 4TH
Connecticut Huskies batting - Pitching for Villanova Wildcats : RHP Michael Díaz
Batting: RHB Jeff Manley 0-0: Ball
1-0: Foul Ball, location: 2F
1-1: Foul Ball, location: 2F
1-2: Foul Ball, location: 2F
1-2: Ball
2-2: Strikes out swinging
Batting: LHB Arthur MacDonald 0-0: Swinging Strike
0-1: Ground out U3 (Groundball, 3)
Batting: RHB Mario Flores 0-0: Fly out, F3 (Popup, 3SF)
Bottom of the 4th over - 0 run(s), 0 hit(s), 0 error(s), 0 left on base; Villanova 0 - Connecticut 1
TOP OF THE 5TH
Villanova Wildcats batting - Pitching for Connecticut Huskies : RHP Chris Chamberlain
Batting: RHB Dan McKay 0-0: Ball
1-0: Ball
2-0: Called Strike
2-1: Ground out 6-3 (Groundball, 6M)
Batting: SHB Lorenzo Gómez 0-0: Ball
1-0: Foul Ball, location: 2F
1-1: Ball
2-1: Swinging Strike
2-2: Foul Ball, location: 2F
2-2: Strikes out swinging
Batting: RHB Ricardo López 0-0: Foul Ball, location: 2F
0-1: Swinging Strike
0-2: Ball
1-2: Ball
2-2: Ball
3-2: Strikes out swinging
Top of the 5th over - 0 run(s), 0 hit(s), 0 error(s), 0 left on base; Villanova 0 - Connecticut 1
BOTTOM OF THE 5TH
Connecticut Huskies batting - Pitching for Villanova Wildcats : RHP Michael Díaz
Batting: RHB Eric Black 0-0: Called Strike
0-1: Foul Ball, location: 2F
0-2: Fly out, F9 (Flyball, 9M)
Batting: RHB Brian Kramer 0-0: Ball
1-0: SINGLE (Flyball, 9LS)
Batting: RHB Thomas Moore 0-0: Fly out, F9 (Flyball, 9M)
Batting: RHB Michael Cobb 0-0: SINGLE (Groundball, 6MD)
Brian Kramer to second
Runner from 2nd tries for 3rd, SAFE, throw made to third
Batting: RHB Carlos Marino 0-0: Ball
1-0: Ball
2-0: Ball
3-0: Swinging Strike
3-1: 3-RUN HOME RUN (Line Drive, 78XD), Distance : 388 ft
Batting: LHB Chris Schultz 0-0: Ball
1-0: Foul Ball, location: 2F
1-1: Ball
2-1: Foul Ball, location: 2F
2-2: Strikes out swinging
Bottom of the 5th over - 3 run(s), 3 hit(s), 0 error(s), 0 left on base; Villanova 0 - Connecticut 4
TOP OF THE 6TH
Villanova Wildcats batting - Pitching for Connecticut Huskies : RHP Chris Chamberlain
Batting: RHB Juan Romero 0-0: Called Strike
0-1: Ball
1-1: Foul Ball, location: 2F
1-2: Strikes out swinging
Batting: RHB Jason Powers 0-0: Called Strike
0-1: Called Strike
0-2: Foul Ball, location: 2F
0-2: Ball
1-2: Foul Ball, location: 2F
1-2: Strikes out swinging
Batting: RHB Robbie Anderson 0-0: Called Strike
0-1: Called Strike
0-2: Ball
1-2: Ball
2-2: SINGLE (Line Drive, 4M)
Batting: LHB Steven Smith 0-0: Called Strike
0-1: Ball
1-1: Foul Ball, location: 2F
1-2: 2-RUN HOME RUN (Flyball, 89XD), Distance : 391 ft
Batting: RHB Jorge Barrios 0-0: Ball
1-0: Ball
2-0: Ball
3-0: Base on Balls
Pitching: LHP Will Hines
Batting: RHB Ron Elazar 0-0: Swinging Strike
0-1: Foul Ball, location: 2F
0-2: Ball
1-2: Ball
2-2: Foul Ball, location: 2F
2-2: Fly out, F8 (Flyball, 8LM)
Top of the 6th over - 2 run(s), 2 hit(s), 0 error(s), 1 left on base; Villanova 2 - Connecticut 4
BOTTOM OF THE 6TH
Connecticut Huskies batting - Pitching for Villanova Wildcats : RHP Michael Díaz
Batting: RHB Jeff Manley 0-0: Called Strike
0-1: Ball
1-1: SINGLE (Groundball, 6MD)
Batting: LHB Arthur MacDonald 0-0: Called Strike
0-1: Ball
1-1: Swinging Strike
1-2: 2-RUN HOME RUN (Flyball, 89XD), Distance : 363 ft
Batting: RHB Mario Flores 0-0: Called Strike
0-1: Ball
1-1: Ball
2-1: Fly out, F9 (Flyball, 89M)
Batting: RHB Eric Black 0-0: Foul Ball, location: 2F
0-1: Foul Ball, location: 2F
0-2: Ball
1-2: Strikes out swinging
Batting: RHB Brian Kramer 0-0: Ball
1-0: Called Strike
1-1: Ground out 6-3 (Groundball, 6)
Bottom of the 6th over - 2 run(s), 2 hit(s), 0 error(s), 0 left on base; Villanova 2 - Connecticut 6
TOP OF THE 7TH
Villanova Wildcats batting - Pitching for Connecticut Huskies : LHP Will Hines
Batting: RHB Dan McKay 0-0: Ball
1-0: Called Strike
1-1: Fly out, F9 (Flyball, 89M)
Batting: SHB Lorenzo Gómez 0-0: Fly out, F9 (Flyball, 9S)
Batting: RHB Ricardo López 0-0: Called Strike
0-1: Ball
1-1: Ball
2-1: Called Strike
2-2: Fly out, F8 (Flyball, 8LM)
Top of the 7th over - 0 run(s), 0 hit(s), 0 error(s), 0 left on base; Villanova 2 - Connecticut 6
BOTTOM OF THE 7TH
Connecticut Huskies batting - Pitching for Villanova Wildcats : RHP Michael Díaz
Pitching: RHP Marvin Jackson
Batting: RHB Thomas Moore 0-0: Ball
1-0: Ball
2-0: Called Strike
2-1: Ball
3-1: Base on Balls
Batting: RHB Michael Cobb 0-0: Ball
1-0: Ball
2-0: Ball
3-0: Base on Balls
Thomas Moore to second
Batting: RHB Carlos Marino 0-0: Fly out, F9 (Flyball, 9M)
Batting: LHB Chris Schultz 0-0: Called Strike
0-1: 3-RUN HOME RUN (Flyball, 9LD), Distance : 324 ft
Batting: RHB Jeff Manley 0-0: Swinging Strike
0-1: Swinging Strike
0-2: Ball
1-2: Strikes out swinging
Batting: LHB Arthur MacDonald 0-0: Ball
1-0: Ball
2-0: Called Strike
2-1: Ball
3-1: Foul Ball, location: 2F
3-2: Base on Balls
Batting: RHB Mario Flores 0-0: Foul Ball, location: 2F
0-1: SINGLE (Line Drive, 6M)
Arthur MacDonald to second
Batting: RHB Eric Black 0-0: Fly out, F8 (Flyball, 8LM)
Bottom of the 7th over - 3 run(s), 2 hit(s), 0 error(s), 2 left on base; Villanova 2 - Connecticut 9
TOP OF THE 8TH
Villanova Wildcats batting - Pitching for Connecticut Huskies : LHP Will Hines
Batting: RHB Juan Romero 0-0: SOLO HOME RUN (Flyball, 7D), Distance : 353 ft
Batting: RHB Jason Powers 0-0: Swinging Strike
0-1: Swinging Strike
0-2: Ground out 5-3 (Groundball, 5)
Batting: RHB Robbie Anderson 0-0: Foul Ball, location: 2F
0-1: Foul Ball, location: 2F
0-2: Foul Ball, location: 2F
0-2: Foul Ball, location: 2F
0-2: Ball
1-2: Strikes out looking
Batting: LHB Steven Smith 0-0: Ball
1-0: Ball
2-0: Called Strike
2-1: Called Strike
2-2: Fly out, F3 (Popup, 3SF)
Top of the 8th over - 1 run(s), 1 hit(s), 0 error(s), 0 left on base; Villanova 3 - Connecticut 9
BOTTOM OF THE 8TH
Connecticut Huskies batting - Pitching for Villanova Wildcats : RHP Marvin Jackson
Batting: RHB Brian Kramer 0-0: Called Strike
0-1: Called Strike
0-2: Foul Ball, location: 2F
0-2: Ball
1-2: Ball
2-2: Strikes out looking
Batting: RHB Thomas Moore 0-0: Ground out 5-3 (Groundball, 5S)
Batting: RHB Michael Cobb 0-0: Foul Ball, location: 2F
0-1: Ball
1-1: Ball
2-1: Ball
3-1: Base on Balls
Batting: RHB Carlos Marino 0-0: Ground out 5-3 (Groundball, 56S)
Bottom of the 8th over - 0 run(s), 0 hit(s), 0 error(s), 1 left on base; Villanova 3 - Connecticut 9
TOP OF THE 9TH
Villanova Wildcats batting - Pitching for Connecticut Huskies : LHP Will Hines
Now in LF: Jake Osborn
Batting: RHB Jorge Barrios 0-0: Swinging Strike
0-1: Swinging Strike
0-2: Ball
1-2: Ball
2-2: Strikes out looking
Batting: RHB Ron Elazar 0-0: Foul Ball, location: 2F
0-1: Swinging Strike
0-2: Foul Ball, location: 2F
0-2: Ball
1-2: Strikes out swinging
Batting: RHB Dan McKay 0-0: Called Strike
0-1: Fly out, F8 (Line Drive, 8LM)
Top of the 9th over - 0 run(s), 0 hit(s), 0 error(s), 0 left on base; Villanova 3 - Connecticut 9
This league is powered by Out of the Park Baseball, the baseball management simulation game for PC, Mac and Linux
Tuesday, August 2nd, 2016 - OOTP Baseball 16.8 Build 38